 Dungeon Crawl Stone Soup version 0.22.0-38-g04b72b8 (webtiles) character file.

181 Bearstalker the Covered (level 5, -1/47 HPs)
             Began as a Minotaur Fighter on Aug 28, 2018.
             Killed from afar by an orc wizard (5 damage)
             ... with a puff of flame
             ... on level 3 of the Dungeon.
             The game lasted 00:09:34 (2973 turns).

Bearstalker the Covered (Minotaur Fighter)          Turns: 2973, Time: 00:09:35

Health: -1/47      AC:  7    Str: 26    XL:     5   Next: 34%
Magic:  4/4        EV:  8    Int:  6    God:
Gold:   108        SH: 10    Dex:  9    Spells: 4/4 levels left

rFire    . . .     SeeInvis .   a - +0 war axe
rCold    . . .     Gourm    .   c - +0 shield
rNeg     . . .     Faith    .   b - +0 scale mail
rPois    .         Spirit   .   (helmet restricted)
rElec    .         Reflect  .   (no cloak)
rCorr    .         Harm     .   (no gloves)
MR       .....                  (no boots)
Stlth    ..........             (no amulet)
HPRegen  0.15/turn              (no ring)
MPRegen  0.09/turn              (no ring)

@: mighty
A: retaliatory headbutt, horns 2
a: no special abilities


You were on level 3 of the Dungeon.
You were not hungry.

You visited 1 branch of the dungeon, and saw 3 of its levels.

You collected 108 gold pieces.

Inventory:

Hand Weapons
 a - a +0 war axe (weapon)
Armour
 b - a +0 scale mail (worn)
 c - a +0 shield (worn)
Jewellery
 m - a cursed ring of fire {unknown}
Scrolls
 g - a scroll of random uselessness {unknown}
 h - 3 scrolls of identify {unknown}
 i - 3 scrolls of amnesia {unknown}
 l - 2 scrolls of remove curse {unknown}
 n - a scroll of teleportation {unknown}
Potions
 e - a potion of heal wounds {unknown}
 j - a potion of degeneration {unknown}
 k - a potion of flight {unknown}
Comestibles
 f - 2 rations


   Skills:
 + Level 4.4 Fighting
 + Level 4.1 Axes
 + Level 4.8 Armour
 + Level 1.1 Dodging
 + Level 4.8 Shields


You had 4 spell levels left.
You didn't know any spells.
Your spell library contained the following spells:

 Spells                   Type           Power        Failure   Level  Hunger
 Magic Dart               Conj           #...         99%         1    ##.....
 Blink                    Tloc           N/A          99%         2    ###....
 Call Imp                 Summ           #.......     99%         2    ###....
 Slow                     Hex            #.......     99%         2    ###....
 Conjure Flame            Conj/Fire      #.......     100%        3    ####...
 Mephitic Cloud           Conj/Pois/Air  #.......     100%        3    ####...


Dungeon Overview and Level Annotations

Branches:
Dungeon (3/15)

Altars:
Sif Muna


Innate Abilities, Weirdness & Mutations

You reflexively headbutt those who attack you in melee.
You have a pair of horns on your head.


Message History

You hit the orc wizard.
The orc wizard gestures at you while chanting.
The puff of frost hits you!
* * * LOW HITPOINT WARNING * * *
You block the orc warrior's attack. You block the orc's attack.
You closely miss the orc wizard. Your headbutt misses the orc wizard.
The orc wizard is moderately wounded.
You slash the orc warrior!
The orc wizard gestures at you while chanting.
The puff of flame misses you.
The orc warrior hits you with a hand axe!
* * * LOW HITPOINT WARNING * * *
You block the orc's attack.
The orc wizard gestures at you while chanting.
You block the puff of frost.
You feel very mighty all of a sudden. You block the orc warrior's attack.
You block the orc's attack.
The orc wizard gestures at you while chanting.
The puff of flame hits you!
You die...

..........................#######
#.##.######......................
.....†..........................>
#.########.....###........######.
#.# #.....# #........# #. #.#
#......##........# #. #.#
#....#.##........####### #.#
#....#.##........#...... #.#
#....#o@#####.#+##.##### #.#
.....##o#####.# #.# #
.<...'o........ #.# #
.....##..####.## #.# #
....o....(..#.# #.#####
..######.##.#.# #.#.... #
..........#.# #.#.###
#######.###)####.#...#
#..##......###.#


You could see an orc warrior, an orc wizard and an orc.

Vanquished Creatures
  A centaur (D:2)
  Crazy Yiuf (D:3)
  An adder (D:2)
  An ooze (D:1)
  A worm (D:2)
  2 dart slugs
  A leopard gecko (D:3)
  A ball python (D:1)
  9 bats
  7 giant cockroaches
  7 goblins
  3 hobgoblins
  2 jackals (D:2)
  A quokka (D:3)
  3 frilled lizards
  8 kobolds
  5 rats
54 creatures vanquished.

Notes
Turn   | Place    | Note
-------+----------+-------------------------------------------
     0 | D:1      | Bearstalker the Minotaur Fighter began the quest for the Orb.
     0 | D:1      | Reached XP level 1. HP: 19/19 MP: 0/0
   175 | D:1      | Reached XP level 2. HP: 27/27 MP: 1/1
  1063 | D:2      | Reached XP level 3. HP: 30/33 MP: 2/2
  1454 | D:2      | Found a deep blue altar of Sif Muna.
  1664 | D:2      | Noticed a centaur
  1674 | D:2      | Killed a centaur
  1674 | D:2      | Reached skill level 1 in Dodging
  1674 | D:2      | Reached XP level 4. HP: 34/41 MP: 3/3
  2131 | D:3      | Reached XP level 5. HP: 47/47 MP: 4/4
  2609 | D:3      | Found a runed door.
  2613 | D:3      | Noticed Crazy Yiuf
  2623 | D:3      | Killed Crazy Yiuf
  2959 | D:3      | Noticed an orc warrior
  2973 | D:3      | Killed from afar by an orc wizard

Skill      XL: |  1  2  3  4  5 |
---------------+----------------+-----
Fighting       | 4 |  4.4
Armour         | 4 |  4.8
Shields        | 4 |  4.8
Axes           | 3 4 |  4.1
Dodging        | 1 |  1.1

Action                   |  1- 3 |  4- 6 || total
-------------------------+-------+-------++-------
Melee: War axe           |    87 |    62 ||   149
       Headbutt          |    12 |     8 ||    20
       Unarmed           |       |     3 ||     3
  Use: Potion            |       |     1 ||     1
  Eat: Chunk             |     2 |     1 ||     3
       Ration            |       |     1 ||     1
Armor: Scale mail        |    58 |    22 ||    80
Dodge: Dodged            |    31 |    31 ||    62
Block: Shield            |    69 |    45 ||   114
